 Dungeon Crawl Stone Soup version 0.29.1-2-gbd0b4ee654 (webtiles) character file.

Game seed: 1316035725172090968

1822 warriortoast the Covert (level 8, -1/36 HPs)
             Began as a Spriggan Enchanter on Nov 18, 2022.
             Was an Initiate of Fedhas.
             Slain by Rudyous's ghost (19 damage)
             ... on level 5 of the Dungeon.
             The game lasted 00:14:09 (7332 turns).

warriortoast the Covert (Spriggan Enchanter)        Turns: 7332, Time: 00:14:09

Health: -1/36      AC:  3    Str:  6    XL:     8   Next: 85%
Magic:  16/18      EV: 21    Int: 16    God:    Fedhas [......]
Gold:   281        SH:  0    Dex: 16    Spells: 12/20 levels left

rFire   + . .      SeeInvis +   a - +1 dagger
rCold   . . .      Faith    .   (no shield)
rNeg    . . .      Spirit   .   b - +0 robe
rPois   .          Reflect  .   (helmet restricted)
rElec   .          Harm     .   v - +0 cloak
rCorr   .          Rampage  .   (gloves unavailable)
Will    +....                   (boots unavailable)
Stlth   ++++......              (no amulet)
HPRegen 0.12/turn               x - ring of protection from fire
MPRegen 0.16/turn               (no ring)

@: very quick
A: very small, no large weapons, unfitting armour, see invisible, speed 3
a: Renounce Religion


You were on level 5 of the Dungeon.
You worshipped Fedhas.
Fedhas was noncommittal.
You visited 2 branches of the dungeon, and saw 7 of its levels.

You collected 281 gold pieces.

Inventory:

Hand Weapons
 a - a +1 dagger (weapon)
Missiles
 o - 9 poisoned darts (quivered)
Armour
 b - a +0 robe (worn)
 q - a +2 buckler
 v - a +0 cloak (worn)
Jewellery
 m - a ring of ice
 x - a ring of protection from fire (left hand)
 C - a +4 ring of evasion
Wands
 y - a wand of flame (14)
 D - a wand of charming (5)
Scrolls
 e - 3 scrolls of teleportation
 i - 3 scrolls of enchant weapon {unknown}
 j - 4 scrolls of poison {unknown}
 k - 4 scrolls of vulnerability {unknown}
 s - a scroll of immolation {unknown}
 t - a scroll of silence {unknown}
 w - a scroll of enchant armour {unknown}
 z - a scroll of brand weapon {unknown}
 A - a scroll of fear {unknown}
 F - a scroll of amnesia {unknown}
Potions
 c - 2 potions of invisibility
 d - 2 potions of cancellation
 g - a potion of heal wounds {unknown}
 h - a potion of magic
 l - 2 potions of berserk rage
 n - 2 potions of might
 p - 2 potions of attraction
 r - 5 potions of curing
 u - a potion of lignification {unknown}
 B - a potion of ambrosia {unknown}
 E - a potion of degeneration {unknown}


   Skills:
 + Level 5.6 Short Blades
 + Level 7.2 Dodging
 + Level 9.1 Stealth
 + Level 6.6 Spellcasting
 + Level 7.1 Hexes


You had 12 spell levels left.
You knew the following spells:

 Your Spells              Type           Power      Damage    Failure   Level
a - Ensorcelled Hibernat  Hex/Ice        32%        N/A       4%          2
b - Confusing Touch       Hex            28%        N/A       1%          3
c - Tukima's Dance        Hex            28%        N/A       1%          3

Your spell library contained the following spells:

 Spells                   Type           Power      Damage    Failure   Level
 Dazzling Flash           Conj/Hex       32%        N/A       9%          3
 Sandblast                Erth           10%        2d5       13%         1
 Passwall                 Tmut/Erth      4%         N/A       21%         2
 Stone Arrow              Conj/Erth      10%        3d7       36%         3


Dungeon Overview and Level Annotations

Branches:
Dungeon (6/15)             Temple (1/1) D:5

Altars:
Cheibriados
Fedhas
Kikubaaqudgha
Qazlal
Ru
Sif Muna
Trog
Uskayaw
Vehumet

Annotations:
D:4 1 runed translucent door
D:5 Rudyous's ghost, novice HOFi


Innate Abilities, Weirdness & Mutations

You are very small and have problems with some larger weapons.
You are too small for most types of armour.
You have supernaturally acute eyesight. (SInv)
You cover ground extremely quickly. (Speed+++)


Message History

Aim: a scorpion (wandering, hasn't noticed you, chance to affect: 50%)
The scorpion looks drowsy...
The helpless scorpion fails to defend itself.
You skewer the scorpion like a kebab!!!
You kill the scorpion!
Fedhas appreciates your contribution to the ecosystem.
Magic restored.
HP restored.
Rudyous's ghost turns its malevolent gaze towards you.
Rudyous's ghost wails, "Do you think the gods will protect you?"
Casting: Ensorcelled Hibernation (safe; 4% risk of failure)
Confirm with . or Enter, or press ? or * to list all spells.
Aiming: Tukima's Dance (safe; 1% risk of failure)
Press: ? - help, Shift-Dir - straight line, f - you
Okay, then.
Casting: Tukima's Dance (safe; 1% risk of failure)
Confirm with . or Enter, or press ? or * to list all spells.
Your hands begin to glow red.
Rudyous's ghost hits you!!
Ouch! That really hurt!
You hit Rudyous's ghost but do no damage.
Rudyous's ghost appears confused.
You hit Rudyous's ghost.
Rudyous's ghost is lightly damaged.
Rudyous's ghost closely misses you.
You hit Rudyous's ghost.
Rudyous's ghost is lightly damaged.
Rudyous's ghost closely misses you.
You catch the helpless Rudyous's ghost completely off-guard!
You puncture Rudyous's ghost!
Rudyous's ghost is moderately damaged.
You strike the helpless Rudyous's ghost from behind!
You impale Rudyous's ghost!!
Rudyous's ghost is severely damaged.
You hit Rudyous's ghost but do no damage.
Rudyous's ghost is severely damaged.
Rudyous's ghost hits you!!
Ouch! That really hurt!
You die...
Fedhas appreciates your contribution to the ecosystem.

.....####......#.....#...o...##.#
........####..#...#...#..........
........# ##....###.........##.#
#####...######..#.#.#..#....W....
#...'..# #....#.....#....##.#
#...##.# #....#..........##.#
#...##'###.##...###.#....##.#
#####.##....##'###.## #.#....##.#
......##........@..# #..######.#
.###..##........W..# ##. ..#
########...........# . ..#
..#................# #
..#..........#######
.....#####...# ..#....#.....#
##.....#.....# #...#........#


You could see Rudyous's ghost (confused).

Vanquished Creatures
  The ghost of TheSexyCheese the Trooper, a novice HOFi (D:4)
  The ghost of bullfish the Slasher, a novice DrGl (D:5)
  Sigmund (D:3)
  Eustachio (D:4)
  Edmund (D:5)
  2 ogres (D:4)
  4 scorpions (D:5)
  A howler monkey (D:5)
  3 hounds
  A jelly (D:4)
  Crazy Yiuf (D:3)
  Natasha (thrice) (D:3)
  An iguana (D:5)
  6 adders
  A gnoll (D:1)
  2 worms
  A dart slug (D:2)
  8 ball pythons
  6 bats
  2 endoplasms
  3 giant cockroaches (D:4)
  3 goblins
  3 hobgoblins
  4 jackals (D:1)
  4 quokkas
  3 frilled lizards
  6 kobolds
  12 rats
85 creatures vanquished.

Vanquished Creatures (others)
  4 fungi (D:3)
  2 plants (D:3)
  6 withered plants (D:5)
12 creatures vanquished.

Grand Total: 97 creatures vanquished

Notes
Turn   | Place    | Note
-------+----------+-------------------------------------------
     0 | D:1      | warriortoast the Spriggan Enchanter began the quest for the
                  | Orb.
     0 | D:1      | Reached XP level 1. HP: 9/9 MP: 5/5
   435 | D:2      | Reached XP level 2. HP: 13/13 MP: 6/6
   446 | D:2      | Learned a level 2 spell: Ensorcelled Hibernation
   957 | D:1      | Reached XP level 3. HP: 16/16 MP: 5/8
  1720 | D:2      | Reached skill level 5 in Stealth
  2073 | D:3      | Noticed Natasha
  2074 | D:3      | Noticed Sigmund
  2136 | D:4      | Reached XP level 4. HP: 21/21 MP: 2/10
  2729 | D:4      | Reached XP level 5. HP: 24/24 MP: 11/11
  2808 | D:4      | Found a runed translucent door.
  2826 | D:4      | Noticed an ogre
  2971 | D:4      | Killed an ogre
  3366 | D:4      | Noticed TheSexyCheese's ghost (novice HOFi)
  3374 | D:4      | Learned a level 3 spell: Confusing Touch
  3378 | D:4      | Learned a level 3 spell: Tukima's Dance
  3446 | D:4      | Found a runed translucent door.
  3621 | D:4      | Noticed an ogre
  3628 | D:4      | Killed an ogre
  3629 | D:4      | Reached skill level 6 in Stealth
  3629 | D:4      | Reached skill level 5 in Hexes
  3629 | D:4      | Reached XP level 6. HP: 28/28 MP: 13/13
  3634 | D:4      | Noticed Eustachio
  3661 | D:4      | Killed TheSexyCheese's ghost
  3662 | D:4      | Reached skill level 5 in Dodging
  3662 | D:4      | Reached skill level 7 in Stealth
  3662 | D:4      | Reached XP level 7. HP: 32/32 MP: 11/15
  3713 | D:4      | Killed Eustachio
  3714 | D:4      | Reached skill level 5 in Spellcasting
  4199 | D:3      | Found a runed translucent door.
  4200 | D:3      | Noticed Crazy Yiuf
  4209 | D:3      | Killed Crazy Yiuf
  4686 | D:3      | Killed Sigmund
  4755 | D:3      | Killed Natasha
  4756 | D:3      | Reached XP level 8. HP: 36/36 MP: 10/17
  5001 | D:3      | Found a faded altar of an unknown god.
  5298 | D:3      | Noticed Natasha
  5306 | D:3      | Killed Natasha
  5896 | D:3      | Noticed Natasha
  5905 | D:3      | Killed Natasha
  6047 | D:5      | Entered Level 5 of the Dungeon
  6090 | D:5      | Found a staircase to the Ecumenical Temple.
  6095 | Temple   | Entered the Ecumenical Temple
  6105 | Temple   | Became a worshipper of Fedhas Madash
  6121 | D:5      | Reached skill level 8 in Stealth
  6206 | D:5      | Noticed Edmund
  6210 | D:5      | Killed Edmund
  6211 | D:5      | Reached skill level 5 in Short Blades
  6473 | D:5      | Found a runed translucent gate.
  6473 | D:5      | Found a runed translucent gate.
  6474 | D:5      | Found a runed translucent gate.
  6475 | D:5      | Noticed bullfish's ghost (novice DrGl)
  6476 | D:5      | Noticed Rudyous's ghost (novice HOFi)
  7193 | D:5      | Killed bullfish's ghost
  7194 | D:5      | Reached skill level 9 in Stealth
  7332 | D:5      | Slain by Rudyous's ghost

Illustrated notes

Levels and vault maps discovered:
D:1:      dreamdust_arrival_sigmund_warning, layout_basic, serial_glass,
          glass_columns_a, glass_columns_b, minmay_stone_trees_large,
          hex_medium, corner_web_ring, chequers_serial_rivers_large_a
D:2:      layout_rooms, minmay_rat_gold_closets
D:3:      layout_basic, dreamdust_ecumenical_altar_hidden_monk_grotto,
          uniq_natasha, uniq_crazy_yiuf_cottage, uniq_sigmund
D:4:      layout_layer_cave, ebering_ghost_sewer_f, uniq_eustachio
D:5:      layout_basic, minmay_temple_entry_arrows, gammafunk_ghost_cemetery,
          hangedman_decor_push, mrwooster_statue_mirror, chequers_mini_garden,
          dk_noncrumbling_2, uniq_duvessa, uniq_edmund
D:6:      minmay_chambers_of_sixes, layout_basic, serial_shops, shop,
          chequers_serial_rivers_room_b
Temple:   nicolae_temple_two_arcs

Skill      XL: |  1  2  3  4  5  6  7  8 |
---------------+-------------------------+-----
Dodging        | 3 4 5 6 7 |  7.2
Spellcasting   | 3 4 5 6 |  6.6
Hexes          | 4 5 6 7 |  7.1
Stealth        | 5 6 7 9 |  9.1
Short Blades   | 2 3 4 5 |  5.6

Action                   |  1- 3 |  4- 6 |  7- 9 || total
-------------------------+-------+-------+-------++-------
Melee: Dagger            |    82 |    47 |    86 ||   215
       Punch             |     1 |       |     1 ||     2
Throw: Dart              |     6 |       |       ||     6
 Cast: Ensorcelled Hiber |    19 |    23 |    19 ||    61
       Confusing Touch   |       |     1 |     5 ||     6
Evoke: Wand              |       |       |     4 ||     4
  Use: Scroll            |       |       |     7 ||     7
 Stab: Sleeping          |    28 |    14 |    21 ||    63
       Confused          |       |     3 |    10 ||    13
Armor: Robe              |     4 |     3 |     2 ||     9
Dodge: Dodged            |    55 |    43 |    43 ||   141
